 Dungeon Crawl Stone Soup version 0.30-a0-377-g5cb311bc9f (webtiles) character file.

Game seed: 5812376461771580546

1031 TheCowGoesMoo the Chiller (level 8, -6/57 HPs)
             Began as a White Draconian Hedge Wizard on Nov 28, 2022.
             Mangled by Blork the orc
             ... wielding a +0 scimitar
              (8 damage)
             ... on level 6 of the Dungeon.
             The game lasted 00:12:32 (6732 turns).

TheCowGoesMoo the Chiller (DrHW)                    Turns: 6732, Time: 00:12:33

Health: -6/57      AC: 10    Str: 18    XL:     8   Next: 3%
Magic:  25/26      EV: 12    Int: 17    God:
Gold:   304        SH:  0    Dex: 11    Spells: 18/19 levels left

rFire   + . .      SeeInvis .    f - +0 dagger (venom)
rCold   + . .      Faith    .    (no shield)
rNeg    . . .      Spirit   .    (body armour unavailable)
rPois   .          Reflect  .    b - +0 hat
rElec   .          Harm     .    (no cloak)
rCorr   .          Rampage  .    j - +2 pair of gloves
Will    .....                    i - +0 pair of boots
Stlth   ++........               (no amulet)
HPRegen 0.29/turn                S - +6 ring of strength
MPRegen 0.20/turn                W - ring of magical power

@: brilliant, short of breath
A: breathe frost, AC +6, unfitting armour, cold resistance 1, cold-blooded, fire
resistance 1, mutation resistance 1
a: Breathe Frost


You were on level 6 of the Dungeon.
You visited 1 branch of the dungeon, and saw 6 of its levels.

You collected 304 gold pieces.


Innate Abilities, Weirdness & Mutations

You can breathe waves of freezing cold which knock back foes.
Your icy white scales are hard. (AC +6)
You cannot fit into any form of body armour.
Your flesh is cold resistant. (rC+)
You are cold-blooded and may be slowed by cold attacks.
Your flesh is heat resistant. (rF+)
You are somewhat resistant to further mutation.


   Skills:
 - Level 1.7 Dodging
 - Level 1.7 Stealth
 - Level 6.0 Spellcasting
 - Level 5.1 Conjurations
 - Level 1.0 Summonings
 - Level 1.0 Translocations
 * Level 6.1 Ice Magic


You had 18 spell levels left.
You knew the following spells:

 Your Spells              Type           Power      Damage    Failure   Level
m - Magic Dart            Conj           100%       1d8       1%          1

Your spell library contained the following spells:

 Spells                   Type           Power      Damage    Failure   Level
 Ozocubu's Armour         Ice            38%        N/A       3%          3
 Foxfire                  Conj/Fire      80%        2x1d8     4%          1
 Apportation              Tloc           24%        N/A       9%          1
 Slow                     Hex            28%        N/A       13%         1
 Blink                    Tloc           24%        N/A       13%         2
 Call Imp                 Summ           12%        N/A       13%         2
 Cigotuvi's Dreadful Rot  Necr/Pois/Air  14%        N/A       19%         2
 Mephitic Cloud           Conj/Pois/Air  16%        N/A       19%         3
 Kindle Blastsparks       Fire/Tloc/Air  18%        2d11      32%         3
 Iskenderun's Mystic Bla  Conj/Tloc      23%        2d6       34%         4
 Fulminant Prism          Conj/Hex       10%        3d9       41%         4
 Agony                    Necr           7%         N/A       98%         5
 Alistair's Intoxication  Tmut/Pois      4%         N/A       98%         5
 Borgnjor's Vile Clutch   Necr/Erth      3%         N/A       98%         5
 Lee's Rapid Deconstruct  Erth           3%         3d5*      98%         5
 Ozocubu's Refrigeration  Ice            19%        4d11      100%        7

Inventory:

Hand Weapons
 a - a +0 dagger of protection
 f - a +0 dagger of venom (weapon)
   (You found it on level 1 of the Dungeon)
Armour
 b - a +0 hat (worn)
 i - a +0 pair of boots (worn)
   (You found it on level 4 of the Dungeon)
 j - a +2 pair of gloves (worn)
   (You found it on level 5 of the Dungeon)
Jewellery
 C - a ring of ice
   (You found it on level 1 of the Dungeon)
 F - a ring of fire
   (You found it on level 2 of the Dungeon)
 S - a +6 ring of strength (left hand)
   (You found it on level 1 of the Dungeon)
 W - a ring of magical power (right hand)
   (You found it on level 2 of the Dungeon)
Wands
 l - a wand of roots (3)
   (You found it on level 5 of the Dungeon)
 m - a wand of flame (6)
   (You took it off Ijyb on level 3 of the Dungeon)
Scrolls
 e - 8 scrolls of identify {unknown}
 g - 3 scrolls of enchant armour {unknown}
 h - a scroll of noise {unknown}
 n - a scroll of magic mapping {unknown}
 o - a scroll of poison {unknown}
 p - 2 scrolls of teleportation {unknown}
Potions
 c - a potion of magic
 d - a potion of mutation {!q}

Dungeon Overview and Level Annotations

Branches:
Dungeon (6/15)
 Temple: D:4-7

Altars:
Cheibriados
Kikubaaqudgha
Nemelex Xobeh
Qazlal

Annotations:
D:3 Grinder
D:6 Blork the orc

#.....##..#####)......##
#...).## ##.......#
##....# #...##... #....#
##.## .# ##...# #..#
#... #...# #..#.....
#.....## ##.......#
#...#....##o.......#
....##....@.......##
##...........#
##...####.).# ##..# ##.#
#.## ..# ## ##


You could see Blork the orc (fast).


Message History

The orc wizard hits you but does no damage.
The gnoll hits you from afar with a +0 spear!
* * * LOW HITPOINT WARNING * * *
Unknown command.
Aiming: Breathe Frost (5% risk of failure)
Press: ? - help, Shift-Dir - straight line, f - gnoll
Aim: a gnoll, wielding a +0 spear (72% to hit)
You exhale a wave of freezing cold.
The freezing breath hits the gnoll!
The gnoll is blown backwards by the freezing wind.
Blork the orc comes into view.
He is wielding a +0 scimitar.
The orc wizard closely misses you.
Aiming: Fastroot
Press: ? - help, Q - select action, (/) - cycle Shift-Dir - straight line, p - gnoll The roots erupt in riotous growth!
Roots grab Blork the orc.
The grasping roots constrict Blork the orc.
You hear a shout!
You hear an angry hiss.
The orc wizard barely misses you.
Blork the orc struggles to escape constriction.
Unknown command.
You hit the orc wizard.
The orc wizard looks as sick as possible!
Your tail-slap misses the orc wizard.
The grasping roots constrict Blork the orc.
The roots release their grip on Blork the orc.
The orc wizard hits you but does no damage.
Blork the orc gestures at you while chanting.
The magic dart hits you.
* * * LOW HITPOINT WARNING * * *
Unknown command.
Casting: Magic Dart (safe; 1% risk of failure)
Confirm with . or Enter, or press ? or * to list all spells.
Aiming: Magic Dart (safe; 1% risk of failure)
Press: ? - help, Shift-Dir - straight line, f - gnoll
Aim: a gnoll, wielding a +0 spear (severely wounded, 100% to hit)
The magic dart hits the gnoll.
The gnoll misses you.
The orc wizard hits you but does no damage.
Blork the orc casts a spell.
Blork the orc seems to speed up.
It was a potion of brilliance.
You feel clever all of a sudden.
You kill the orc wizard!
The gnoll misses you.
Your Ice Magic skill increases to level 6!
You have reached level 8!
You feel agile.
Casting: Magic Dart (safe; 1% risk of failure)
Confirm with . or Enter, or press ? or * to list all spells.
Aiming: Magic Dart (safe; 1% risk of failure)
Press: ? - help, Shift-Dir - straight line, f/p - gnoll
Aim: a gnoll, wielding a +0 spear (almost dead, 100% to hit)
You feel a surge of power!
The magic dart hits the gnoll.
You kill the gnoll!
Unknown command.
Aiming: Fastroot
Press: ? - help, Q - select action, (/) - cycle Shift-Dir - straight line, f - Blork the orc
Aim: Blork the orc, wielding a +0 scimitar and wearing a +0 robe (moderately wounded, fast)
The roots erupt in riotous growth!
Roots grab Blork the orc.
The grasping roots constrict Blork the orc.
Blork the orc casts a spell at you. The puff of frost hits you. You resist.
* * * LOW HITPOINT WARNING * * *
Unknown command.
Casting: Magic Dart (safe; 1% risk of failure)
Confirm with . or Enter, or press ? or * to list all spells.
Aiming: Magic Dart (safe; 1% risk of failure)
Press: ? - help, Shift-Dir - straight line, f/p - Blork the orc
Aim: Blork the orc, wielding a +0 scimitar and wearing a +0 robe (heavily wounded, fast, constricted by roots, 100% to hit)
You feel a surge of power!
The magic dart hits Blork the orc but does no damage.
The grasping roots constrict Blork the orc.
The roots release their grip on Blork the orc.
Blork the orc gestures at you while chanting.
The puff of frost hits you. You resist.
* * * LOW HITPOINT WARNING * * *
Blork the orc screams, "I'll make a cloak from your skin!"
Casting: Magic Dart (safe; 1% risk of failure)
Confirm with . or Enter, or press ? or * to list all spells.
Okay, then.
Blork the orc gestures at you while chanting.
The puff of flame hits you but does no damage.
You resist.
Unknown command.
You see here a +0 spear.
Blork the orc attacks as you move away!
Blork the orc hits you but does no damage. x2
Blork the orc attacks as you move away! Blork the orc closely misses you.
Blork the orc looks angry.
Unknown command.
Blork the orc gestures at you while chanting.
The puff of frost hits you but does no damage.
Unknown command.
Unknown command.
Blork the orc attacks as you move away!
Blork the orc hits you with a +0 scimitar.
* * * LOW HITPOINT WARNING * * *
Blork the orc grins evilly.
Blork the orc hits you with a +0 scimitar!
You die...

Skill      XL: |  1  2  3  4  5  6  7 |
---------------+----------------------+-----
Conjurations   | 2 3 4 5 |  5.1
Spellcasting   | 4 5 6 |  6.0
Ice Magic      | 6 |  6.1
Dodging        | |  1.7
Stealth        | |  1.7
Summonings     | |  1.0
Translocations | |  1.0

Action                   |  1- 3 |  4- 6 |  7- 9 || total
-------------------------+-------+-------+-------++-------
Melee: Dagger            |    29 |    48 |    35 ||   112
       Tailslap          |     5 |     6 |     5 ||    16
       Punch             |       |       |     1 ||     1
 Cast: Magic Dart        |    90 |   223 |    99 ||   412
 Abil: Breathe Frost     |       |       |     7 ||     7
Evoke: Wand              |       |     1 |     5 ||     6
  Use: Potion            |       |     4 |     1 ||     5
       Scroll            |       |     2 |       ||     2
Armor: Skin              |    12 |    50 |    37 ||    99
Dodge: Dodged            |    26 |    77 |    43 ||   146

Levels and vault maps discovered:
D:1:      minmay_arrival_four_houses, layout_basic, grunt_decor_fettered
D:2:      layout_rooms, serial_glass, glass_columns_a, glass_columns_b
D:3:      layout_loops_ring, lemuel_tele_altar, kennysheep_slug_shrine,
          mainiacjoe_overflow_catwalk_spiral, uniq_grinder, uniq_ijyb
D:4:      layout_basic
D:5:      kennysheep_six_static_rooms, layout_loops_corners
D:6:      layout_layer_cave, mainiacjoe_overflow_alcove_4, nicolae_titane,
          uniq_blork_the_orc

Notes
Turn   | Place    | Note
-------+----------+-------------------------------------------
     0 | D:1      | TheCowGoesMoo the Draconian Hedge Wizard began the quest
                  | for the Orb.
     0 | D:1      | Reached XP level 1. HP: 14/14 MP: 4/4
   271 | D:1      | You add the spells Ozocubu's Armour and Ozocubu's
                  | Refrigeration to your library.
   326 | D:1      | Reached XP level 2. HP: 20/20 MP: 3/6
   611 | D:1      | Reached skill level 2 in Conjurations
   981 | D:2      | Reached XP level 3. HP: 26/26 MP: 0/8
  1553 | D:3      | Found a stormy altar of Qazlal.
  1554 | D:3      | Found an ancient bone altar of Kikubaaqudgha.
  1667 | D:3      | You fall into a shaft and drop 2 floors!
  1667 | D:5      | Entered Level 5 of the Dungeon
  1704 | D:4      | Noticed a scorpion
  1708 | D:3      | Noticed Grinder
  1708 | D:3      | Found a sparkling altar of Nemelex Xobeh.
  1711 | D:3      | Reached skill level 4 in Spellcasting
  1711 | D:3      | Reached XP level 4. HP: 12/33 MP: 1/10
  1847 | D:3      | Reached skill level 3 in Conjurations
  2333 | D:3      | Paralysed by Grinder for 5 turns
  2343 | D:3      | Paralysed by Grinder for 4 turns
  2588 | D:3      | Noticed Ijyb
  2615 | D:3      | Killed Ijyb
  2616 | D:3      | Reached XP level 5. HP: 19/38 MP: 3/11
  2717 | D:3      | Found a snail-covered altar of Cheibriados.
  3002 | D:3      | Paralysed by Grinder for 4 turns
  3010 | D:3      | HP: 5/38 [Grinder (5)]
  3011 | D:3      | Gained mutation: You sometimes lose your temper in combat.
                  | [potion of mutation]
  3011 | D:3      | Gained mutation: Your spells are a little harder to cast,
                  | but a little more powerful. [potion of mutation]
  3014 | D:3      | Paralysed by Grinder for 3 turns
  3131 | D:2      | Lost mutation: You sometimes lose your temper in combat.
                  | [potion of mutation]
  3131 | D:2      | Lost mutation: Your spells are a little harder to cast, but
                  | a little more powerful. [potion of mutation]
  3131 | D:2      | Gained mutation: Your flesh is heat resistant. (rF+)
                  | [potion of mutation]
  3131 | D:2      | Gained mutation: You are somewhat resistant to further
                  | mutation. [potion of mutation]
  3273 | D:4      | Reached skill level 4 in Conjurations
  3555 | D:4      | Identified the +2 ring mail "Anois" {Harm rN+}
  3708 | D:4      | You pick up a book of Party Tricks and begin reading...
  3708 | D:4      | You add the spells Apportation and Alistair's Intoxication
                  | to your library.
  4471 | D:5      | Reached XP level 6. HP: 40/45 MP: 13/13
  4585 | D:5      | Reached skill level 5 in Spellcasting
  4811 | D:5      | Reached skill level 5 in Conjurations
  5031 | D:5      | You pick up a book of Blasting and begin reading...
  5031 | D:5      | You add the spells Kindle Blastsparks, Fulminant Prism,
                  | Iskenderun's Mystic Blast and Lee's Rapid Deconstruction to
                  | your library.
  5068 | D:4      | Your scales start taking on an icy white colour.
  5068 | D:4      | Reached XP level 7. HP: 50/50 MP: 15/15
  5068 | D:4      | Gained mutation: Your flesh is cold resistant. (rC+) [White
                  | Draconian growth]
  5330 | D:5      | Identified the +1 robe of Verdant Freedom {rF+ rN+}
  5449 | D:5      | Reached skill level 1 in Ice Magic
  5624 | D:5      | Reached skill level 2 in Ice Magic
  6289 | D:6      | You add the spells Foxfire, Borgnjor's Vile Clutch and
                  | Agony to your library.
  6289 | D:6      | Got the Spellbook of Blistering Left-Handed Magic
  6301 | D:6      | Reached skill level 3 in Ice Magic
  6384 | D:6      | Reached skill level 6 in Spellcasting
  6518 | D:6      | Noticed a steam dragon
  6538 | D:6      | Killed a steam dragon
  6539 | D:6      | Reached skill level 5 in Ice Magic
  6714 | D:6      | HP: 10/50 [gnoll/+0 spear (7)]
  6715 | D:6      | Noticed Blork the orc
  6720 | D:6      | Reached skill level 6 in Ice Magic
  6720 | D:6      | Reached XP level 8. HP: 7/57 MP: 17/17
  6721 | D:6      | HP: 6/57 [Blork the orc/puff of frost (1)]
  6732 | D:6      | HP: 2/57 [Blork the orc/+0 scimitar (5)]
  6732 | D:6      | Mangled by Blork the orc

Vanquished Creatures
  A steam dragon (D:6)
  An ogre (D:6)
  A phantom (D:5)
  2 necrophages
  2 scorpions
  A howler monkey (D:5)
  A hound (D:5)
  2 gnoll boudas (D:5)
  Ijyb (D:3)
  3 orc wizards
  3 iguanas
  9 adders
  A gnoll (D:6)
  A shadow imp (D:5)
  An ufetubus (D:4)
  A worm (D:4)
  3 dart slugs
  25 orcs
  9 ball pythons
  7 endoplasms
  3 giant cockroaches
  4 goblins
  7 hobgoblins
  5 kobolds
  4 quokkas
  5 bats
  3 frilled lizards
  4 rats
110 creatures vanquished.

Table legend:
 A = Non-vault XP
 B = Vault XP
 C = Vault XP percentage of total XP
 D = Non-vault monster count
 E = Vault monster count
 F = Vault count percentage of total count
                 A         B        C        D         E       F
            +---------+---------+-------+---------+---------+-------
      Total |    1300 |     174 |  11.8 |     102 |       8 |   7.3
            +---------+---------+-------+---------+---------+-------
        D:1 |      30 |       0 |   0.0 |      18 |       0 |   0.0
        D:2 |      51 |       0 |   0.0 |      18 |       0 |   0.0
        D:3 |      82 |      42 |  33.9 |      18 |       2 |  10.0
        D:4 |     154 |      26 |  14.4 |      21 |       2 |   8.7
        D:5 |     422 |     106 |  20.1 |      15 |       4 |  21.1
        D:6 |     561 |       0 |   0.0 |      12 |       0 |   0.0
            +---------+---------+-------+---------+---------+-------

Illustrated notes

Table legend:
 A = Kills in this place as a percentage of kills in entire the game.
 B = Kills by you in this place as a percentage of kills by you in the entire game.
 C = Kills by friends in this place as a percentage of kills by friends in the entire game.
 D = Other kills in this place as a percentage of other kills in the entire game.
 E = Experience gained in this place as a percentage of experience gained in the entire game.
 F = Experience gained in this place divided by the number of levels of this place that you have seen.
                   A       B       C       D       E      F
               +-------+-------+-------+-------+-------+----------------------
         Total | 100.0 | 100.0 |   N/A |   N/A | 100.0 | 245.7
       Dungeon | 100.0 | 100.0 |   N/A |   N/A | 100.0 | 245.7
               +-------+-------+-------+-------+-------+----------------------

Table legend: (Time is in decaauts)
 A = Elapsed time spent in this place.
 B = Non-inter-level travel time spent in this place.
 C = Inter-level travel time spent in this place.
 D = Time resting spent in this place.
 E = Time spent auto-exploring this place.
 F = Levels seen in this place.
 G = Mean time per level.
                   A        B        C        D        E       F      G
               +--------+--------+--------+--------+--------+-----+--------+
         Total |   6741 |   6477 |    264 |   1112 |   4467 |   6 | 1123.5 |
       Dungeon |   6741 |   6477 |    264 |   1112 |   4467 |   6 | 1123.5 |
               +--------+--------+--------+--------+--------+-----+--------+

Top non-repeatable levels by time:
     D:5: 1608 daAuts
     D:4: 1538 daAuts
     D:2: 1254 daAuts
     D:3: 1062 daAuts
     D:1: 810 daAuts
     D:6: 467 daAuts
